AoeStats
← lumpuy1

Arena

509990400Analyzed
2v2 RM · 4d ago on Sep 28, 2026· 44m 5s· 4 players
Game mode
Random Map
Map size
Medium (4 player)
Population
200
Speed
Normal
Resources
Standard
Victory
Conquest
Starting age
Dark Age
Ending age
Imperial Age
RankedLock teamsTeams togetherTeam positionsShared explorationLock speedFull tech treeHidden civsTurbo modeCheats
Victory
Defeat
🇧🇷 Gurjaras · Brazil
1071
+18
🇧🇷 Romans · Brazil
1070
+18
🇨🇱 Slavs · Chile
1106
-18
🇻🇪 Dravidians · Venezuela
1105
-18
bryanrojasn
10:22 Feudal Age
14:32 Castle Age
12:49 Double-Bit Axe
13:22 Horse Collar
16:42 Bow Saw
21:43 Heavy Plow
23:18 Wheelbarrow
22:29 Loom
22:30 Town Watch
25:17 Hand Cart
25:02 Town Patrol
25:13 Scale Barding Armor
25:09 Scale Mail Armor
25:19 Forging
25:38 Gold Mining
25:42 Stone Mining
29:17 Imperial Age
27:32 Pikeman
28:13 Squires
28:30 Chain Mail Armor
28:50 Iron Casting
28:36 Chain Barding Armor
28:42 Ballistics
28:46 Detinets
31:01 Chemistry
31:39 Conscription
32:10 Devotion
32:46 Crop Rotation
33:19 Two-Man Saw
32:22 Onager
33:08 Halberdier
34:33 Hoardings
34:42 Fletching
35:20 Bodkin Arrow
35:51 Druzhina
36:02 Padded Archer Armor
37:34 Plate Barding Armor
37:12 Murder Holes
lumpuy1
1:25 Loom
11:37 Feudal Age
16:54 Castle Age
16:00 Horse Collar
16:09 Double-Bit Axe
16:45 Town Watch
18:18 Heavy Plow
19:20 Bow Saw
20:27 Arson
20:44 Squires
20:28 Pikeman
23:06 Forging
26:53 Wheelbarrow
26:45 Town Patrol
27:03 Scale Mail Armor
28:13 Iron Casting
28:59 Chain Mail Armor
31:47 Imperial Age
29:37 Gambesons
30:06 Medical Corps
30:28 Fortified Wall
30:14 Murder Holes
30:36 Fletching
30:48 Padded Archer Armor
31:47 Hand Cart
31:49 Bodkin Arrow
31:50 Halberdier
33:05 Plate Mail Armor
32:39 Gold Mining
32:40 Stone Mining
33:56 Blast Furnace
32:41 Light Cavalry
33:22 Husbandry
33:45 Conscription
34:31 Hoardings
34:10 Man-at-Arms
35:25 Wootz Steel
35:26 Scale Barding Armor
35:37 Leather Archer Armor
35:47 Long Swordsman
36:29 Two-Handed Swordsman
36:32 Elite Urumi Swordsman
37:40 Champion
42:26 Chain Barding Armor
42:07 Bracer
Schamaycon
10:55 Feudal Age
12:12 Wheelbarrow
15:12 Castle Age
13:13 Man-at-Arms
13:45 Double-Bit Axe
13:43 Horse Collar
17:45 Heavy Plow
18:56 Scale Mail Armor
21:21 Chain Mail Armor
25:57 Imperial Age
24:40 Bow Saw
25:20 Gold Mining
25:58 Long Swordsman
27:02 Hand Cart
27:16 Stone Mining
29:42 Legionary
30:37 Forging
32:00 Comitatenses
32:51 Iron Casting
34:36 Blast Furnace
33:57 Squires
43:45 Chemistry
Dudo51948609
9:53 Feudal Age
10:38 Horse Collar
10:47 Double-Bit Axe
11:40 Wheelbarrow
16:24 Castle Age
18:52 Heavy Plow
27:08 Coinage
27:36 Husbandry
32:12 Bloodlines
35:11 Imperial Age
33:14 Forging
33:12 Scale Barding Armor
33:54 Kshatriyas
35:51 Thumb Ring
35:39 Fletching
35:22 Elite Elephant Archer
36:50 Bodkin Arrow
37:19 Padded Archer Armor
38:10 Bracer
38:29 Hand Cart
39:16 Banking
40:26 Chemistry
40:53 Ballistics
41:29 Arson
41:07 Elite Shrivamsha Rider
43:58 Frontier Guards
44:05 Conscription
44:44 Redemption
Connection lost

Rejoining the realm…

Still unreachable

The connection could not be restored.

Session expired

The server has moved on; the page needs a fresh start.